 Dungeon Crawl Stone Soup version 0.19-a0-1899-g2d93087 (webtiles) character file.

114 Zhenya24pyc the Covered (level 4, -1/29 HPs)
             Began as a Gargoyle Fighter on Oct 20, 2016.
             Killed by divine providence
             ... invoked by an orc priest
              (14 damage)
             ... on level 3 of the Dungeon.
             The game lasted 00:02:33 (1469 turns).

Zhenya24pyc the Covered (Gargoyle Fighter)          Turns: 1469, Time: 00:02:34

Health: -1/29      AC: 11    Str: 20    XL:     4   Next: 97%
Magic:  13/13      EV:  7    Int:  9    God:
Gold:   148        SH:  9    Dex:  9    Spells: 0 memorised, 3 levels left

rFire  . . .     SeeInvis .     a - +0 flail
rCold  . . .     Gourm    .     b - +0 scale mail
rNeg   + . .     Faith    .     c - +0 shield
rPois  ∞         Spirit   .     (no helmet)
rElec  +         Reflect  .     (no cloak)
rCorr  .         Harm     .     (no gloves)
MR     .....                    m - +0 pair of boots
Stlth  ..........               (no amulet)
                                (no ring)
                                n - ring of magical power

@: no status effects
A: negative energy resistance 1, electricity resistance, unbreathing,
petrification resistance, rot immunity, AC +3
a: no special abilities


You were on level 3 of the Dungeon.
You were not hungry.

You visited 1 branch of the dungeon, and saw 3 of its levels.

You collected 148 gold pieces.

Inventory:

Hand Weapons
 a - a +0 flail (weapon)
Armour
 b - a +0 scale mail (worn)
 c - a +0 shield (worn)
 m - a +0 pair of boots (worn)
Jewellery
 n - a ring of magical power (left hand)
Scrolls
 g - 5 scrolls of identify {unknown}
 j - a scroll of amnesia {unknown}
 k - 3 scrolls of remove curse {unknown}
 l - a scroll of recharging {unknown}
 p - a scroll of immolation {unknown}
Potions
 d - a potion of might
 e - a potion of degeneration {unknown}
 i - 2 potions of curing {unknown}
 o - a potion of lignification {unknown}
Comestibles
 f - a bread ration
 h - a meat ration


   Skills:
 + Level 4.1 Fighting
 * Level 3.6 Maces & Flails
 + Level 4.3 Armour
 - Level 3.2 Shields


You had 3 spell levels left.
You didn't know any spells.

Dungeon Overview and Level Annotations

Branches:
Dungeon (3/15)

Altars:
Nemelex Xobeh
Sif Muna
Yredelemnul


Innate Abilities, Weirdness & Mutations

You are resistant to torment.
Your stone body is resilient. (AC +3)
You are immune to poison.
You resist negative energy. (rN+)
You are resistant to electric shocks. (rElec)
You can survive without breathing.
You are immune to petrification.
You are immune to rotting.


Message History

Beogh smites you!
An orc comes into view. It is wielding a short sword.
An orc priest comes into view. It is wielding a short sword.
The orc priest shouts!
You block the orc priest's attack.
You hit the orc priest but do no damage.
The orc priest looks braver for a moment.
The orc priest hits you but does no damage.
You hit the orc priest.
The orc priest is moderately wounded.
The orc priest looks braver for a moment.
The orc hits you but does no damage.
An orc comes into view. It is wielding a trident.
You closely miss the orc priest.
The orc priest is moderately wounded.
The orc shouts!
The orc priest completely misses you. The orc hits you with a short sword.
The orc priest calls down the wrath of Beogh upon you.
Beogh smites you!
You die...

... #..≈≈...# .
######...⌠≈..# .
######.=......≈≈..# .
..................# .
.......$.).....##.#####.
......o........+.....>..
..oo.oo@.......#.......#
..######...............(
#.##.####......## #.#..#
#.......# #....#
#.......# ###..#
#...###.# #..# #...# .#
#... ##### .# #... ..


You could see 2 orc priests and 3 orcs.

Vanquished Creatures
  Jessica (D:2)
  Natasha (D:2)
  2 adders (D:2)
  2 worms (D:2)
  3 ball pythons
  6 bats
  A giant cockroach (D:1)
  5 hobgoblins
  A quokka (D:2)
  3 frilled lizards
  4 goblins
  7 kobolds
  3 rats
39 creatures vanquished.

Notes
Turn   | Place    | Note
-------+----------+-------------------------------------------
     0 | D:1      | Zhenya24pyc the Gargoyle Fighter began the quest for the Orb.
     0 | D:1      | Reached XP level 1. HP: 14/14 MP: 1/1
   108 | D:1      | Reached XP level 2. HP: 18/19 MP: 2/2
   316 | D:1      | Found a sparkling altar of Nemelex Xobeh.
   874 | D:2      | Reached XP level 3. HP: 23/23 MP: 3/3
   980 | D:2      | Noticed Jessica
   984 | D:2      | Killed Jessica
  1086 | D:2      | Reached XP level 4. HP: 26/29 MP: 4/4
  1092 | D:2      | Noticed Natasha
  1098 | D:2      | Killed Natasha
  1409 | D:3      | Found a deep blue altar of Sif Muna.
  1410 | D:3      | Found a basalt altar of Yredelemnul.
  1469 | D:3      | Killed from afar by an orc priest

Vault maps used:
D:1:      dpeg_arrival_leaves_temple_mockup, nemelex_xobeh_ov_fountains_minmay
D:2:      minmay_pentomino_z4, uniq_natasha, uniq_jessica
D:3:      old_standard_altar, grunt_temple_overflow_open, first_bread,
          minmay_door_square, minmay_misc_feat_tiny, corexii_leaking_fountain,
          uniq_crazy_yiuf_cottage

Skill      XL: |  1  2  3  4 |
---------------+-------------+-----
Maces & Flails | 3 |  3.6
Armour         | 4 |  4.3
Fighting       | 4 |  4.1
Shields        | |  3.2

Action                   |  1- 3 |  4- 6 || total
-------------------------+-------+-------++-------
Melee: Flail             |    84 |    52 ||   136
  Eat: Chunk             |       |     2 ||     2
Armor: Scale mail        |    40 |    31 ||    71
Dodge: Dodged            |    25 |    11 ||    36
Block: Shield            |    41 |    22 ||    63
